 Dungeon Crawl Stone Soup version 0.28-a0-1143-gcf6077d4cc (webtiles) character file.

Game seed: 394769011224999544

567 ytrimaz the Insei (level 7, -1/46 HPs)
             Began as an Octopode Transmuter on Dec 13, 2021.
             Slain by a wraith (13 damage)
             ... on level 5 of the Dungeon.
             The game lasted 00:04:36 (6137 turns).

ytrimaz the Insei (Octopode Transmuter)             Turns: 6137, Time: 00:04:36

Health: -1/46      AC:  1    Str:  9    XL:     7   Next: 33%
Magic:  12/13      EV: 13    Int: 18    God:
Gold:   245        SH:  5    Dex: 12    Spells: 8/14 levels left

rFire   . . .      SeeInvis +     - Unarmed
rCold   . . .      Faith    .   (no shield)
rNeg    + . .      Spirit   .   (helmet restricted)
rPois   .          Reflect  +   a - amulet of reflection
rElec   .          Harm     .   b - ring of positive energy
rCorr   .          Rampage  .   g - ring of see invisible
Will    .....                   (no ring)
Stlth   ++........              (no ring)
HPRegen 0.15/turn               (no ring)
MPRegen 0.13/turn               (no ring)
                                (no ring)
                                (no ring)

@: about to teleport, slowed, very slow
A: almost no armour, amphibious, 8 rings, camouflage 1, gelatinous body 1,
(nimble swimmer 1), tentacles
a: no special abilities


You were on level 5 of the Dungeon.
You visited 1 branch of the dungeon, and saw 5 of its levels.

You collected 245 gold pieces.

Inventory:

Jewellery
 a - an amulet of reflection (around mantle)
 b - a ring of positive energy (left tentacle)
 g - a ring of see invisible (right tentacle)
Wands
 k - a wand of flame (18)
 p - a wand of charming (8)
Scrolls
 m - a scroll of fear
Potions
 c - a potion of heal wounds
 d - 3 potions of lignification
 e - 2 potions of flight
 f - a potion of haste
 h - 2 potions of brilliance
 i - 2 potions of curing {unknown}
 j - a potion of degeneration {unknown}
 l - a potion of attraction {unknown}
 o - a potion of might {unknown}


   Skills:
 * Level 3.0 Fighting
 - Level 2.0 Dodging
 + Level 1.3 Shields
 + Level 4.8 Unarmed Combat
 * Level 4.1 Spellcasting
 * Level 3.9 Transmutations
 + Level 1.1 Poison Magic


You had 8 spell levels left.
You knew the following spells:

 Your Spells              Type           Power      Damage    Failure   Level
a - Beastly Appendage     Tmut           34%        N/A       3%          1
b - Wereblood             Tmut           17%        N/A       4%          2
c - Spider Form           Tmut/Pois      12%        N/A       16%         3

Your spell library contained the following spells:

 Spells                   Type           Power      Damage    Failure   Level
 Apportation              Tloc           6%         N/A       14%         1
 Foxfire                  Conj/Fire      12%        2x1d4     14%         1
 Corpse Rot               Necr/Air       6%         N/A       22%         2
 Ensorcelled Hibernation  Hex/Ice        6%         N/A       22%         2
 Conjure Flame            Conj/Fire      3%         6-21      41%         3
 Inner Flame              Hex/Fire       3%         N/A       41%         3
 Tukima's Dance           Hex            3%         N/A       41%         3
 Ice Form                 Ice/Tmut       10%        N/A       54%         4
 Alistair's Intoxication  Tmut/Pois      8%         N/A       80%         5
 Dispel Undead            Necr           3%         3d7       82%         4
 Flame Wave               Conj/Fire      3%         2d4       82%         4
 Death Channel            Necr           1%         N/A       100%        6


Dungeon Overview and Level Annotations

Branches:
Dungeon (5/15)
 Temple: D:4-7

Altars:


Innate Abilities, Weirdness & Mutations

You cannot wear most types of armour.
You are amphibious.
You can wear up to eight rings at the same time.
Your skin changes colour to match your surroundings (Stealth+).
Your rubbery body absorbs attacks. (AC +1, EV +1)
((You are camouflaged near water. (Stealth+)))
You have tentacles for arms and can constrict up to eight enemies at once.


Message History

A wraith is nearby!
A wraith is nearby!
A wraith is nearby!
Casting: Spider Form (dangerous; 16% risk of failure)
Confirm with . or Enter, or press ? or * to list all spells.
You turn into a venomous arachnid creature.
Your transformation is almost over.
The wraith hits you! The wraith drains your vigour!
You feel yourself slow down.
You hit the wraith but do no damage. The wraith completely misses you.
You hit the wraith.
The wraith is lightly damaged.
The wraith hits you. The wraith drains your vigour!
You feel as though you will be slow longer.
The wraith hits you! The wraith drains your vigour!
You feel as though you will be slow longer.
You hit the wraith but do no damage.
The wraith is lightly damaged.
The wraith barely misses you.
Unknown command.
You barely miss the wraith.
The wraith is lightly damaged.
The wraith hits you.
You hit the wraith but do no damage.
The wraith is lightly damaged.
The wraith misses you. The wraith hits you but does no damage.
Unknown command.
You hit the wraith.
The wraith is moderately damaged.
Your transformation has ended.
The wraith hits you.
* * * LOW HITPOINT WARNING * * *
You closely miss the wraith.
The wraith is moderately damaged.
The wraith hits you but does no damage.
Unknown command.
Okay, then.
As you read the scroll of teleportation, it crumbles to dust.
You feel strangely unstable. The wraith hits you!
You die...

#..........
#.........#
##........##
###........##
##...####..##
##..### ..#
##..## ..#
###..## .#
##W@.##
##..### #..##
.......##
##....# #...#
..... ...#
...


You could see a wraith.

Vanquished Creatures
  A necrophage (D:4)
  3 scorpions
  An orc priest (D:3)
  2 hounds
  An orc wizard (D:3)
  Ijyb (D:3)
  A killer bee zombie (D:5)
  A hound zombie (D:5)
  2 adders (D:2)
  An ufetubus (D:4)
  An adder skeleton (D:4)
  2 worms (D:2)
  9 dart slugs
  8 orcs (D:3)
  4 bats
  3 endoplasms
  A giant cockroach (D:4)
  5 goblins
  11 hobgoblins
  3 jackals (D:1)
  2 quokkas
  4 ball pythons
  5 kobolds
  6 rats
78 creatures vanquished.

Notes
Turn   | Place    | Note
-------+----------+-------------------------------------------
     0 | D:1      | ytrimaz the Octopode Transmuter began the quest for the
                  | Orb.
     0 | D:1      | Reached XP level 1. HP: 13/13 MP: 3/3
   359 | D:1      | Found a faded altar of an unknown god.
   380 | D:1      | Reached XP level 2. HP: 15/18 MP: 5/5
  1340 | D:1      | Learned a level 2 spell: Wereblood
  1636 | D:1      | Reached XP level 3. HP: 22/23 MP: 6/6
  1640 | D:1      | Learned a level 3 spell: Spider Form
  3140 | D:2      | Reached XP level 4. HP: 27/29 MP: 7/7
  3534 | D:3      | Reached XP level 5. HP: 24/34 MP: 9/9
  4701 | D:3      | Noticed Ijyb
  4745 | D:3      | Killed Ijyb
  4962 | D:4      | Reached XP level 6. HP: 35/41 MP: 5/11
  5209 | D:4      | Noticed a necrophage
  5218 | D:4      | Killed a necrophage
  5219 | D:4      | Reached skill level 1 in Poison Magic
  5765 | D:5      | Entered Level 5 of the Dungeon
  5780 | D:5      | Reached XP level 7. HP: 17/45 MP: 12/12
  5934 | D:5      | Reached skill level 1 in Shields
  6123 | D:5      | Noticed a wraith
  6137 | D:5      | Slain by a wraith

Illustrated notes

Levels and vault maps discovered:
D:1:      dpeg_arrival_another_circle, layout_loops_ring,
          shapermc_ecumenical_altar_venn, minmay_misc_feat_four_crosses,
          roderic_lattice_a
D:2:      wad_lake_hut, layout_basic
D:3:      kennysheep_slugbush, layout_loops_corners, minmay_splitting_lines,
          kennysheep_another_room, roderic_serpentine_path, uniq_ijyb
D:4:      layout_gridville, minmay_misc_feat_cross
D:5:      layout_cave_pods, minmay_temple_entry_statues_pillars,
          minmay_ruined_shrine

Skill      XL: |  1  2  3  4  5  6  7 |
---------------+----------------------+-----
Fighting       | 2 3 |  3.0
Spellcasting   | 3 4 |  4.1
Unarmed Combat | 4 |  4.8
Transmutations | 3 |  3.9
Poison Magic   | 1 |  1.1
Shields        | 1 |  1.3
Dodging        | |  2.0

Action                   |  1- 3 |  4- 6 |  7- 9 || total
-------------------------+-------+-------+-------++-------
Melee: Unarmed           |    81 |   129 |    29 ||   239
       Constrict         |    23 |    28 |     3 ||    54
       Tentacles         |    10 |    22 |     2 ||    34
       Kick              |     6 |    18 |     2 ||    26
       Punch             |     2 |     8 |       ||    10
 Cast: Beastly Appendage |    13 |    14 |     1 ||    28
       Spider Form       |       |     4 |     2 ||     6
  Use: Scroll            |     4 |     6 |     1 ||    11
       Potion            |     1 |       |     1 ||     2
 Stab: Sleeping          |     3 |     6 |       ||     9
Armor: Skin              |     6 |     9 |     3 ||    18
Dodge: Dodged            |    44 |    77 |    18 ||   139
Block: Other             |     6 |    20 |     9 ||    35

Table legend: (Time is in decaauts)
 A = Elapsed time spent in this place.
 B = Non-inter-level travel time spent in this place.
 C = Inter-level travel time spent in this place.
 D = Time resting spent in this place.
 E = Time spent auto-exploring this place.
 F = Levels seen in this place.
 G = Mean time per level.
                   A        B        C        D        E       F      G
               +--------+--------+--------+--------+--------+-----+--------+
         Total |   6120 |   6038 |     82 |    294 |   5015 |   5 | 1224.0 |
       Dungeon |   6120 |   6038 |     82 |    294 |   5015 |   5 | 1224.0 |
               +--------+--------+--------+--------+--------+-----+--------+

Top non-repeatable levels by time:
     D:1: 1945 daAuts
     D:3: 1541 daAuts
     D:2: 1340 daAuts
     D:4: 921 daAuts
     D:5: 371 daAuts
